 Dungeon Crawl Stone Soup version 0.25-a0-317-g5f8687b (webtiles) character file.

Game seed: 16438603225711672126, levelgen mode: deterministic

4870 Eglamore the Grappler (level 10, -10/141 HPs)
             Began as a Troll Berserker on Dec 26, 2019.
             Was a High Priest of Trog.
             Mangled by a yak (15 damage)
             ... on level 8 of the Dungeon.
             The game lasted 00:16:26 (6688 turns).

Eglamore the Grappler (Troll Berserker)             Turns: 6688, Time: 00:16:26

Health: -10/141    AC:  6    Str: 35    XL:     10   Next: 26%
Magic:  9/9        EV: 13    Int:  3    God:    Trog [*****.]
Gold:   431        SH:  0    Dex: 14    Spells: 9/9 levels left

rFire    + . .     SeeInvis .     - Unarmed
rCold    . . .     Gourm    +   (no shield)
rNeg     . . .     Faith    .   a - +0 animal skin
rPois    .         Spirit   .   (helmet restricted)
rElec    .         Reflect  .   (no cloak)
rCorr    .         Harm     .   (gloves unavailable)
MR       +....                  (boots unavailable)
Stlth    ..........             (no amulet)
HPRegen  0.73/turn              u - +5 ring of dexterity
MPRegen  0.11/turn              D - ring of protection from magic

@: berserking, very quick
A: large, unfitting armour, claws 3, fire resistance 1, fast metabolism 3,
gourmand, mutation resistance 1, regeneration 1, shaggy fur 1, tough skin 3,
wild magic 1
a: Berserk, Trog's Hand, Brothers in Arms, Renounce Religion


You were on level 8 of the Dungeon.
You worshipped Trog.
Trog was extremely pleased with you.
You were not hungry.

You visited 1 branch of the dungeon, and saw 9 of its levels.
You also visited: Ossuary.

You collected 431 gold pieces.

Inventory:

Hand Weapons
 E - the +7 quarterstaff "Hyttehun" {flame, rF+ rN++ Dex+4}
   (You found it on level 4 of the Dungeon)

   It has been specially enchanted to burn those struck by it, causing extra
   injury to most foes and up to half again as much damage against particularly
   susceptible opponents.
   It affects your dexterity (+4).
   It protects you from fire.
   It greatly protects you from negative energy.
 F - a +5 antimagic battleaxe
Missiles
 q - 5 large rocks (quivered)
Armour
 a - a +0 animal skin (worn)
Jewellery
 d - an uncursed ring of protection from cold
 f - an uncursed ring of see invisible
 u - a +5 ring of dexterity (left claw)
 D - a ring of protection from magic (right claw)
 H - a cursed -3 ring of evasion {unknown}
 I - an uncursed ring of protection from fire {unknown}
 J - an uncursed ring of protection from cold
Wands
 B - a wand of disintegration (18)
Scrolls
 c - 8 scrolls of identify
 g - 6 scrolls of teleportation {unknown}
 h - 3 scrolls of noise {unknown}
 k - 2 scrolls of amnesia {unknown}
 l - 3 scrolls of immolation {unknown}
 m - a scroll of random uselessness {unknown}
 n - 3 scrolls of enchant weapon {unknown}
 o - a scroll of fog {unknown}
 s - 4 scrolls of enchant armour {unknown}
 y - 7 scrolls of remove curse {unknown}
 C - 2 scrolls of fear {unknown}
 G - 2 scrolls of brand weapon {unknown}
 L - 3 scrolls of magic mapping {unknown}
Potions
 e - 4 potions of heal wounds
 i - 2 potions of agility
 j - 5 potions of curing
 p - a potion of flight
 r - a potion of brilliance
 t - a potion of cancellation
 v - 2 potions of lignification
 w - 2 potions of resistance
 x - a potion of magic
 z - a potion of degeneration {unknown}
 A - 2 potions of invisibility {unknown}
 K - a potion of might {unknown}
Comestibles
 b - 23 rations


   Skills:
 + Level 4.5 Fighting
 + Level 6.3 Dodging
 + Level 2.2 Stealth
 + Level 12.1 Unarmed Combat


You had 9 spell levels left.
You didn't know any spells.
Your spell library was empty.

Dungeon Overview and Level Annotations

Branches:
Dungeon (9/15)             Temple (0/1) D:7         Ossuary (visited)
   Lair: D:8-11         Orc: D:9-12

Altars:
Cheibriados
Nemelex Xobeh
Ru
Uskayaw

Shops:
D:7 !


Innate Abilities, Weirdness & Mutations

You are too large for most types of armour.
You have claws for hands.
Your metabolism is lightning-fast.
You like to eat raw meat.
Your natural rate of healing is unusually fast.
You are covered in fur. (AC +1)
You have extremely tough skin. (AC +3)
Your flesh is heat resistant. (rF+)
You are somewhat resistant to further mutation.
Your spells are a little harder to cast, but a little more powerful.


Message History

You are too injured to fight recklessly!
You are too injured to fight recklessly!
Unknown command.
Your library has no spells.
The yak gores you!
* * * LOW HITPOINT WARNING * * *
The yak gores you!
* * * LOW HITPOINT WARNING * * *
The yak barely misses you. The orc barely misses you.
You climb upwards.
There is a stone staircase leading down here.
The yak gores you!
* * * LOW HITPOINT WARNING * * *
The yak gores you.
* * * LOW HITPOINT WARNING * * *
The yak closely misses you. x2
There is an open door here.
A red film seems to cover your vision as you go berserk!
You feel yourself moving faster!
You feel mighty! The yak gores you!
You die...

#.##.##..#
#.#...#..#
########.#.#.#..###
#........#<#.#.....
#.>........(.).....
#........(.........
#.o......#.####.###
#YYY.....#.#.......
##@#####.#.#.....#.
#.....#.#.#######.
#.......#.#.....#.
#.....###.#.#.....
#.....# #.#.#.....
#.....# #.#.......
#.....# #.##......
####### #.##.....#
#.##......


You could see 3 yaks and an orc.

Vanquished Creatures
  Harold (D:8)
  The ghost of handsome the Cudgeler, a novice OgCK of Xom (D:4)
  Joseph (D:7)
  Prince Ribbit (D:5)
  2 yaks (D:9)
  A hungry ghost (D:7)
  The ghost of Eglamore the Sneak, an amateur DsAs (D:3)
  Menkaure (D:7)
  2 sky beasts
  3 ice beasts (D:6)
  A centaur (D:7)
  An elf zombie (Ossuary)
  A big kobold (D:8)
  5 bullfrogs
  A scorpion (D:4)
  3 howler monkeys
  4 crimson imps
  3 centaur zombies
  3 quasits (D:3)
  4 hounds
  A jelly (D:8)
  A human zombie (Ossuary)
  An orc priest (D:7)
  4 bullfrog skeletons
  6 orc wizards
  Ijyb (D:4)
  3 iguanas
  4 worker ants
  3 hound skeletons
  4 mummies
  A worker ant zombie (D:6)
  11 adders
  3 shadow imps
  2 adder skeletons
  6 adder zombies (Ossuary)
  4 worms
  6 dart slugs
  7 leopard geckos
  13 orcs
  4 giant cockroaches
  6 goblins
  3 hobgoblins
  4 jackals (D:8)
  6 quokkas
  6 bats
  6 frilled lizards
  3 gnoll zombies (Ossuary)
  5 goblin zombies (Ossuary)
  3 hobgoblin zombies (Ossuary)
  2 jackal skeletons
  3 jackal zombies (Ossuary)
  9 kobolds
  A kobold zombie (Ossuary)
  A leopard gecko skeleton (D:4)
  3 orc zombies (Ossuary)
  A quokka skeleton (D:4)
  2 quokka zombies (Ossuary)
  4 rats
  4 rat zombies (Ossuary)
197 creatures vanquished.

Notes
Turn   | Place    | Note
-------+----------+-------------------------------------------
     0 | D:1      | Eglamore the Troll Berserker began the quest for the Orb.
     0 | D:1      | Reached XP level 1. HP: 22/22 MP: 0/0
    66 | D:1      | Reached XP level 2. HP: 29/29 MP: 1/1
   689 | D:2      | Reached XP level 3. HP: 30/36 MP: 2/2
   814 | D:2      | You fall into a shaft and drop 1 floor!
   824 | D:3      | Reached ** piety under Trog
  1080 | D:2      | Found a sacrificial altar of Ru.
  1624 | D:2      | Reached XP level 4. HP: 40/45 MP: 3/3
  1776 | D:3      | Noticed Eglamore's ghost (amateur DsAs)
  1777 | D:3      | Found a transporter.
  1783 | D:3      | Found a transporter.
  1808 | D:3      | Reached skill level 4 in Unarmed Combat
  2126 | D:3      | Reached XP level 5. HP: 53/53 MP: 4/4
  2338 | D:3      | Killed Eglamore's ghost
  2338 | D:3      | Reached XP level 6. HP: 34/61 MP: 5/5
  2343 | D:3      | Lost dexterity.
  2350 | D:3      | Reached skill level 5 in Unarmed Combat
  2389 | D:4      | Gained mutation: Your flesh is heat resistant. (rF+)
                  | [potion of mutation]
  2389 | D:4      | Gained mutation: Your system is resistant to poisons.
                  | (rPois) [potion of mutation]
  2389 | D:4      | Gained mutation: Your spells are a little harder to cast,
                  | but a little more powerful. [potion of mutation]
  2389 | D:4      | Gained mutation: You are somewhat resistant to further
                  | mutation. [potion of mutation]
  2507 | D:4      | Found a sand-covered staircase.
  2521 | Ossuary  | Entered an ossuary
  2648 | Ossuary  | Reached *** piety under Trog
  2695 | Ossuary  | Reached XP level 7. HP: 63/67 MP: 6/6
  2742 | Ossuary  | Lost mutation: Your system is resistant to poisons. (rPois)
                  | [potion of mutation]
  2886 | Ossuary  | Reached skill level 6 in Unarmed Combat
  3140 | D:4      | Noticed Ijyb
  3148 | D:4      | Killed Ijyb
  3152 | D:4      | Reached **** piety under Trog
  3366 | D:4      | Got a shimmering quarterstaff
  3367 | D:4      | Identified the +7 quarterstaff "Hyttehun" {flame, rF+ rN++
                  | Dex+4} (You found it on level 4 of the Dungeon)
  3428 | D:4      | Found a sparkling altar of Nemelex Xobeh.
  3487 | D:4      | Found a runed translucent door.
  3488 | D:4      | Noticed handsome's ghost (novice OgCK)
  3571 | D:4      | Killed handsome's ghost
  3571 | D:4      | Reached skill level 5 in Dodging
  3571 | D:4      | Reached skill level 8 in Unarmed Combat
  3571 | D:4      | Reached XP level 8. HP: 78/78 MP: 7/7
  3713 | D:5      | Entered Level 5 of the Dungeon
  3713 | D:5      | Noticed Prince Ribbit
  3716 | D:5      | Killed Prince Ribbit
  3716 | D:5      | Reached skill level 1 in Stealth
  4399 | D:6      | Found a hide-covered altar of Uskayaw.
  4417 | D:6      | Reached skill level 9 in Unarmed Combat
  4582 | D:6      | Reached XP level 9. HP: 82/84 MP: 8/8
  4773 | D:6      | Found a snail-covered altar of Cheibriados.
  4847 | D:6      | Reached skill level 10 in Unarmed Combat
  5121 | D:6      | Reached ***** piety under Trog
  5121 | D:6      | Received a gift from Trog
  5237 | D:7      | Found a staircase to the Ecumenical Temple.
  5272 | D:7      | Noticed Joseph
  5289 | D:7      | Killed Joseph
  5360 | D:7      | Found Monuoh's Distillery.
  5375 | D:7      | Noticed Menkaure
  5383 | D:7      | Killed Menkaure
  5383 | D:7      | Reached skill level 11 in Unarmed Combat
  6204 | D:8      | Noticed Harold
  6214 | D:8      | Killed Harold
  6214 | D:8      | Reached XP level 10. HP: 94/94 MP: 9/9
  6674 | D:9      | Reached skill level 12 in Unarmed Combat
  6684 | D:8      | HP: 2/94 [yak (16)]
  6688 | D:8      | Mangled by a yak

Levels and vault maps discovered:
D:1:      evilmike_arrival_crescent, layout_loops_ring, roderic_filled_cross
D:2:      layout_basic, first_ration, hangedman_ru_absence
D:3:      minmay_angry_zag, layout_basic, gammafunk_ghost_stat_death,
          hangedman_decor_riveting
D:4:      minmay_inner_zag, layout_basic, gup_ossuary_entry_pyramid,
          gammafunk_ghost_grave, minmay_misc_feat_tower,
          nemelex_diamond_rough_becter, uniq_ijyb
D:5:      layout_basic, uniq_prince_ribbit1
D:6:      layout_gridville, overflow_temple_1_default, basic_altar,
          chequers_serial_rivers_micro_d
D:7:      layout_basic, minmay_temple_entry_mist, serial_shops, shop,
          uniq_joseph, uniq_menkaure
D:8:      layout_basic, uniq_harold
D:9:      layout_irregular_city, erik_lair_island, erik_orc_1,
          gammafunk_ghost_grave, hangedman_fish_farm

Skill      XL: |  1  2  3  4  5  6  7  8  9 10 |
---------------+-------------------------------+-----
Fighting       | 3 4 |  4.5
Dodging        | 3 4 5 6 |  6.3
Unarmed Combat | 4 5 8 9 11 12 | 12.1
Stealth        | 1 2 |  2.2

Action                   |  1- 3 |  4- 6 |  7- 9 | 10-12 || total
-------------------------+-------+-------+-------+-------++-------
Melee: Unarmed           |   114 |   128 |   332 |    17 ||   591
       Punch             |     1 |     3 |    12 |     2 ||    18
Invok: Berserk           |       |     2 |     3 |     1 ||     6
  Use: Potion            |       |     2 |     1 |       ||     3
       Scroll            |       |     4 |     5 |       ||     9
 Stab: Sleeping          |     1 |     1 |     2 |     1 ||     5
  Eat: Chunk             |    13 |    15 |    42 |     1 ||    71
       Ration            |       |     1 |       |       ||     1
Armor: Animal skin       |    38 |   193 |    82 |     1 ||   314
Dodge: Dodged            |    48 |   136 |   131 |    11 ||   326

Table legend:
 A = Non-vault XP
 B = Vault XP
 C = Vault XP percentage of total XP
 D = Non-vault monster count
 E = Vault monster count
 F = Vault count percentage of total count
                 A         B        C        D         E       F
            +---------+---------+-------+---------+---------+-------
      Total |    3543 |    3415 |  49.1 |     142 |      55 |  27.9
            +---------+---------+-------+---------+---------+-------
        D:1 |      38 |       0 |   0.0 |      19 |       0 |   0.0
        D:2 |      41 |       0 |   0.0 |      14 |       0 |   0.0
        D:3 |      73 |     368 |  83.4 |      17 |       6 |  26.1
        D:4 |     237 |     731 |  75.5 |      16 |       8 |  33.3
        D:5 |     155 |     300 |  65.9 |       6 |       1 |  14.3
        D:6 |    1176 |       0 |   0.0 |      29 |       0 |   0.0
        D:7 |     788 |     650 |  45.2 |      17 |       2 |  10.5
        D:8 |     616 |    1018 |  62.3 |      22 |       1 |   4.3
        D:9 |     419 |       0 |   0.0 |       2 |       0 |   0.0
    Ossuary |       0 |     348 | 100.0 |       0 |      37 | 100.0
            +---------+---------+-------+---------+---------+-------
